AoeStats
← MP

MegaRandom

509993378Analyzed
2v2 RM · 2d ago on Sep 29, 2026· 47m 17s· 4 players
Game mode
Random Map
Map size
Medium (4 player)
Population
200
Speed
Normal
Resources
Standard
Victory
Conquest
Starting age
Dark Age
Ending age
Imperial Age
RankedLock teamsTeams togetherTeam positionsShared explorationLock speedFull tech treeHidden civsTurbo modeCheats
Victory
Defeat
🇨🇱 Magyars · Chile
978
+16
🇺🇸 Italians · United States
919
+18
🇧🇷 Turks · Brazil
987
-18
🇷🇺 Inca · Russia
957
-46
omarpvd
11:07 Feudal Age
14:45 Bloodlines
18:20 Loom
23:30 Castle Age
21:59 Double-Bit Axe
22:41 Horse Collar
24:09 Crossbowman
25:36 Bow Saw
27:19 Thumb Ring
28:59 Scale Barding Armor
29:06 Forging
29:36 Heavy Plow
30:40 Chain Barding Armor
34:29 Wheelbarrow
35:15 Ballistics
38:53 Imperial Age
37:13 Hand Cart
36:52 Gold Mining
37:40 Stone Mining
38:56 Scale Mail Armor
39:54 Conscription
40:52 Crop Rotation
46:25 Chemistry
46:23 Stone Shaft Mining
navia.sebastian
2:05 Loom
11:09 Feudal Age
11:42 Double-Bit Axe
16:47 Bloodlines
23:23 Castle Age
23:04 Gold Mining
22:57 Horse Collar
23:12 Stone Mining
23:25 Padded Archer Armor
23:15 Fletching
24:49 Bow Saw
25:56 Heavy Plow
26:40 Wheelbarrow
26:06 Pikeman
28:04 Leather Archer Armor
28:34 Bodkin Arrow
32:15 Ballistics
34:31 Gold Shaft Mining
38:47 Imperial Age
36:33 Scale Barding Armor
36:38 Corvinian Army
37:33 Murder Holes
38:40 Chain Barding Armor
39:24 Hand Cart
40:44 Parthian Tactics
40:00 Heavy Cavalry Archer
43:22 Chemistry
42:55 Crop Rotation
43:28 Two-Man Saw
44:56 Elite Magyar Huszar
46:36 Recurve Bow
47:55 Husbandry
MP
12:52 Feudal Age
17:06 Castle Age
31:20 Gold Mining
32:09 Wheelbarrow
34:42 Hand Cart
40:41 Imperial Age
39:11 Double-Bit Axe
41:26 Artillery
42:19 Hoardings
mtvdnlv
11:35 Feudal Age
12:05 Double-Bit Axe
14:47 Champi Runner
15:11 Horse Collar
17:39 Wheelbarrow
17:56 Forging
28:24 Castle Age
30:40 Castle Age
28:46 Scale Mail Armor
35:43 Elite Skirmisher
37:59 Bow Saw
37:52 Heavy Plow
39:00 Squires
38:56 Gold Mining
39:52 Wheelbarrow
39:25 Fletching
39:35 Padded Archer Armor
39:06 Champi Warrior
40:13 Pikeman
42:56 Leather Archer Armor
42:36 Bodkin Arrow
Connection lost

Rejoining the realm…

Still unreachable

The connection could not be restored.

Session expired

The server has moved on; the page needs a fresh start.